 Dungeon Crawl Stone Soup version 0.29-a0-902-g0f71de6fce (webtiles) character file.

Game seed: 17485041737494591046

275 Malachi the Insei (level 6, -1/43 HPs)
             Began as a Demonspawn Transmuter on July 24, 2022.
             Killed from afar by an orc wizard (6 damage)
             ... with a magic dart
             ... on level 4 of the Dungeon.
             The game lasted 00:06:51 (3964 turns).

Malachi the Insei (Demonspawn Transmuter)           Turns: 3964, Time: 00:06:52

Health: -1/43      AC:  8    Str: 10    XL:     6   Next: 3%
Magic:  8/9        EV: 11    Int: 16    God:
Gold:   96         SH:  0    Dex: 14    Spells: 8/9 levels left

rFire   . . .      SeeInvis .     - Unarmed
rCold   . . .      Faith    .   (no shield)
rNeg    . . .      Spirit   .   n - +0 leather armour
rPois   .          Reflect  .   (helmet currently unavailable)
rElec   +          Harm     .   p - +0 cloak
rCorr   .          Rampage  .   (no gloves)
Will    .....                   (boots currently unavailable)
Stlth   ++........              (no amulet)
HPRegen 0.14/turn               d - ring of flight
MPRegen 0.11/turn               (no ring)

@: appendages, flying
A: talons 2, horns 1, thin metallic scales 3, thin skeletal structure 1, clumsy
1, mutation resistance 1
a: End Transformation


You were on level 4 of the Dungeon.
You had temporarily grown beastly talons.
You visited 1 branch of the dungeon, and saw 4 of its levels.

You collected 129 gold pieces.
You spent 33 gold pieces at shops.

Inventory:

Missiles
 h - 5 poisoned darts
Armour
 n - a +0 leather armour (worn)
 p - a +0 cloak (worn)
Jewellery
 d - a ring of flight (left hand)
Scrolls
 a - a scroll of enchant armour {unknown}
 c - a scroll of teleportation
 f - 2 scrolls of noise
 g - a scroll of immolation
 j - a scroll of butterflies {unknown}
 o - 3 scrolls of identify
Potions
 b - a potion of lignification
 e - 2 potions of might
 k - a potion of curing {unknown}
 l - a potion of cancellation {unknown}
 m - a potion of ambrosia {unknown}


   Skills:
 - Level 1.0 Fighting
 - Level 1.7 Dodging
 * Level 6.2 Unarmed Combat
 - Level 2.0 Spellcasting
 - Level 1.7 Transmutations


You had 8 spell levels left.
You knew the following spells:

 Your Spells              Type           Power      Damage    Failure   Level
a - Beastly Appendage     Tmut           14%        N/A       14%         1

Your spell library contained the following spells:

 Spells                   Type           Power      Damage    Failure   Level
 Wereblood                Tmut           7%         N/A       21%         2
 Apportation              Tloc           2%         N/A       28%         1
 Necrotise                Necr           4%         1d4       28%         1
 Slow                     Hex            4%         N/A       28%         1
 Summon Small Mammal      Summ           4%         N/A       28%         1
 Spider Form              Tmut/Pois      4%         N/A       52%         3
 Vampiric Draining        Necr           1%         2d6       63%         3
 Ice Form                 Ice/Tmut       4%         N/A       89%         4
 Agony                    Necr           1%         N/A       100%        5


Dungeon Overview and Level Annotations

Branches:
Dungeon (4/15)
 Temple: D:4-7

Altars:
Sif Muna
Trog

Shops:
D:1 *

Annotations:
D:3 2 transporters


Innate Abilities, Weirdness & Mutations

You have temporarily grown beastly talons.
You have a pair of small horns on your head.
You are completely covered in thin metallic scales. (AC +4, rElec)
You have a somewhat thin skeletal structure. (Dex +2, Stealth+)
You are clumsy. (Dex -2)
You are somewhat resistant to further mutation.


Message History

You hit something but do no damage.
You hear some strange, mumbled words.
A magic dart appears from out of thin air!
The magic dart hits you.
* * * LOW HITPOINT WARNING * * *
You bump into the rock wall.
You flicker back into view.
A magic dart appears from out of thin air!
The magic dart hits you but does no damage.
The orc closely misses you.
You barely miss the orc. Your headbutt misses the orc.
You feel less confused. The orc hits you but does no damage.
You hit the orc. You headbutt the orc.
You kill the orc!
You hear some strange, mumbled words.
Something tries to affect you, but you resist.
You hear some strange, mumbled words.
A puff of flame appears from out of thin air!
The puff of flame hits you!
* * * LOW HITPOINT WARNING * * *
You barely miss something. Your headbutt misses something.
An orc wizard appears from thin air!
Reactivating autopickup.
The orc wizard hits you but does no damage.
You hit the orc wizard.
The orc wizard is moderately wounded.
The orc wizard hits you but does no damage.
You closely miss the orc wizard.
The orc wizard is moderately wounded.
The orc wizard hits you but does no damage.
You hit the orc wizard.
The orc wizard is heavily wounded.
The orc wizard barely misses you.
Casting: Beastly Appendage (safe; 14% risk of failure)
Press: ? - help, Q - select action, (/) - cycle Dir - look around, f - activate Your feet morph into talons.
The orc wizard points at you and mumbles some strange words.
The magic dart hits you.
You die...

..# #.# #.#
#.#..#.# #)#
#.#..#.###.##
..#.........#
#.#.#..###).##
#.#.#..###o..# #
#.#.#.>##.@)#.#
#.
#.#.#..###.#.##
#.^#....?....†.##
#...<.....##...#
##.###.......#..#
# ##.#...###.#
#...#..# .#
##.###..... #.#
....##


You could see an orc wizard.

Vanquished Creatures
  An orc priest (D:3)
  Jessica (D:2)
  Natasha (thrice) (D:2)
  Robin (D:2)
  A gnoll (D:3)
  3 adders
  A shadow imp (D:3)
  A white imp (D:3)
  A worm (D:2)
  A dart slug (D:1)
  9 orcs
  7 endoplasms
  7 hobgoblins
  4 jackals (D:1)
  2 quokkas
  4 ball pythons
  4 bats
  3 frilled lizards (D:1)
  10 goblins
  4 kobolds
  7 rats
75 creatures vanquished.

Notes
Turn   | Place    | Note
-------+----------+-------------------------------------------
     0 | D:1      | Malachi the Demonspawn Transmuter began the quest for the
                  | Orb.
     0 | D:1      | Reached XP level 1. HP: 15/15 MP: 3/3
   116 | D:1      | Reached skill level 3 in Unarmed Combat
   323 | D:1      | Found Fyib's General Store.
   332 | D:1      | Bought a scroll of teleportation for 33 gold pieces
   428 | D:1      | Mutation became permanent: You have a pair of small horns
                  | on your head. [demonic ancestry]
   428 | D:1      | Gained mutation: You have a pair of horns on your head.
                  | [demonic ancestry]
   428 | D:1      | Reached XP level 2. HP: 14/21 MP: 3/5
   690 | D:1      | Found a faded altar of an unknown god.
   908 | D:1      | Gained mutation: You are partially covered in thin metallic
                  | scales. (AC +2) [demonic ancestry]
   908 | D:1      | Reached XP level 3. HP: 26/26 MP: 4/6
  1016 | D:2      | Noticed Natasha
  1031 | D:2      | Killed Natasha
  1032 | D:2      | Reached skill level 4 in Unarmed Combat
  1481 | D:2      | Noticed Natasha
  1489 | D:2      | Killed Natasha
  1490 | D:2      | Reached XP level 4. HP: 30/32 MP: 5/7
  1513 | D:2      | Noticed Robin
  1684 | D:2      | Noticed Natasha
  1698 | D:2      | Killed Natasha
  1699 | D:2      | Reached skill level 5 in Unarmed Combat
  1814 | D:2      | Killed Robin
  1867 | D:2      | Gained mutation: You are mostly covered in thin metallic
                  | scales. (AC +3) [demonic ancestry]
  1867 | D:2      | Reached XP level 5. HP: 36/37 MP: 6/8
  1953 | D:2      | Noticed Jessica
  1958 | D:2      | Killed Jessica
  2524 | D:2      | Gained mutation: You are robust. (+10% HP) [potion of
                  | mutation]
  2524 | D:2      | Gained mutation: Your flesh is cold resistant. (rC+)
                  | [potion of mutation]
  2524 | D:2      | Gained mutation: You occasionally lose the ability to drink
                  | potions when taking damage. [potion of mutation]
  2524 | D:2      | Gained mutation: You passively map a small area around you.
                  | [potion of mutation]
  2525 | D:2      | Lost mutation: Your flesh is cold resistant. (rC+) [potion
                  | of mutation]
  2525 | D:2      | Lost mutation: You passively map a small area around you.
                  | [potion of mutation]
  2525 | D:2      | Lost mutation: You occasionally lose the ability to drink
                  | potions when taking damage. [potion of mutation]
  2525 | D:2      | Gained mutation: You are clumsy. (Dex -2) [potion of
                  | mutation]
  2525 | D:2      | Gained mutation: You are somewhat resistant to further
                  | mutation. [potion of mutation]
  2525 | D:2      | Lost mutation: You are robust. (+10% HP) [potion of
                  | mutation]
  2525 | D:2      | Gained mutation: You have a somewhat thin skeletal
                  | structure. (Dex +2, Stealth+) [potion of mutation]
  2894 | D:3      | Reached skill level 6 in Unarmed Combat
  3360 | D:3      | Found a transporter.
  3372 | D:3      | Found a transporter.
  3412 | D:3      | Noticed a small abomination
  3664 | D:3      | Found a shimmering blue altar of Sif Muna.
  3680 | D:3      | Got Sif Muna's Verses on Ensorcelling
  3686 | D:3      | Found a bloodstained altar of Trog.
  3921 | D:4      | Gained mutation: You are completely covered in thin
                  | metallic scales. (AC +4, rElec) [demonic ancestry]
  3921 | D:4      | Reached XP level 6. HP: 38/43 MP: 9/9
  3964 | D:4      | Killed from afar by an orc wizard

Illustrated notes

Levels and vault maps discovered:
D:1:      giann_bridges, layout_rooms, hellmonk_ecumenical_altar_lost_god,
          serial_shops, shop_statue
D:2:      layout_basic, hangedman_decor_clover_reticule, kennysheep_donut,
          corexii_leaking_fountain, uniq_natasha, uniq_jessica, uniq_robin
D:3:      layout_basic, nzn_overflow_gifts_of_might_and_magic,
          gammafunk_ghost_abyssal_escape
D:4:      layout_loops_ring, mainiacjoe_overflow_surrounded_room,
          grunt_dithmenos_smoke_and_mirrors

Skill      XL: |  1  2  3  4  5 |
---------------+----------------+-----
Unarmed Combat | 3 4 5 6 |  6.2
Fighting       | |  1.0
Dodging        | |  1.7
Spellcasting   | |  2.0
Transmutations | |  1.7

Action                   |  1- 3 |  4- 6 || total
-------------------------+-------+-------++-------
Melee: Unarmed           |    78 |   134 ||   212
       Headbutt          |    10 |    15 ||    25
       Kick              |    19 |    14 ||    33
       Punch             |     2 |     5 ||     7
 Cast: Beastly Appendage |    22 |    26 ||    48
  Use: Scroll            |       |     4 ||     4
       Potion            |       |     3 ||     3
 Stab: Sleeping          |       |     5 ||     5
Armor: Robe              |    20 |    10 ||    30
       Leather armour    |       |    26 ||    26
Dodge: Dodged            |    65 |    61 ||   126

Table legend: (Time is in decaauts)
 A = Elapsed time spent in this place.
 B = Non-inter-level travel time spent in this place.
 C = Inter-level travel time spent in this place.
 D = Time resting spent in this place.
 E = Time spent auto-exploring this place.
 F = Levels seen in this place.
 G = Mean time per level.
                   A        B        C        D        E       F      G
               +--------+--------+--------+--------+--------+-----+--------+
         Total |   3954 |   3762 |    192 |   1035 |   1914 |   4 |  988.5 |
       Dungeon |   3954 |   3762 |    192 |   1035 |   1914 |   4 |  988.5 |
               +--------+--------+--------+--------+--------+-----+--------+

Top non-repeatable levels by time:
     D:2: 1963 daAuts
     D:1: 995 daAuts
     D:3: 927 daAuts
     D:4: 68 daAuts
